AoeStats
← Python 1.4.21

Lombardia

507730562Analyzed
4v4 RM · 14d ago on Sep 19, 2026· 41m 44s· 8 players
Game mode
Random Map
Map size
Large (8 player)
Population
200
Speed
Normal
Resources
Standard
Victory
Conquest
Starting age
Dark Age
Ending age
Imperial Age
RankedLock teamsTeams togetherTeam positionsShared explorationLock speedFull tech treeHidden civsTurbo modeCheats
Victory
Defeat
🇬🇧 Bulgarians · United Kingdom
1771
+11
1770
+11
🇨🇳 Teutons · China
1747
+12
🇻🇳 Spanish · Vietnam
1738
+12
🇹🇼 Portuguese · Taiwan
1743
-14
🇹🇼 Muisca · Taiwan
1712
-14
🇹🇼 Franks · Taiwan
1650
-11
🇹🇼 Wu · Taiwan
1512
-7
81danchoi
6:29 Loom
8:45 Feudal Age
9:22 Double-Bit Axe
9:52 Horse Collar
15:12 Scale Barding Armor
19:12 Castle Age
17:40 Gold Mining
18:05 Bloodlines
20:55 Bow Saw
21:26 Heavy Plow
21:39 Husbandry
26:06 Chain Barding Armor
27:23 Fletching
27:44 Forging
29:08 Wheelbarrow
30:44 Iron Casting
35:31 Imperial Age
33:53 Stone Mining
35:32 Cavalier
36:56 Paladin
38:12 Plate Barding Armor
38:39 Blast Furnace
38:41 Two-Man Saw
39:52 Conscription
40:02 Town Watch
40:34 Hand Cart
41:01 Light Cavalry
月月
4:33 Loom
8:20 Loom
10:36 Feudal Age
14:45 Castle Age
12:46 Horse Collar
15:21 Double-Bit Axe
16:15 Bow Saw
22:07 Heavy Plow
22:48 Stone Mining
23:35 Gold Mining
25:11 Wheelbarrow
24:57 Town Watch
29:14 Imperial Age
27:26 Masonry
28:17 Stone Shaft Mining
28:30 Hand Cart
31:05 Two-Man Saw
30:12 Scale Barding Armor
30:17 Forging
31:30 Chemistry
31:22 Fortified Wall
30:48 Cavalier
31:41 Bloodlines
32:52 Chain Barding Armor
33:08 Iron Casting
34:30 Bombard Tower
35:05 Paladin
36:54 Plate Barding Armor
36:15 Fletching
36:37 Caravan
37:04 Guard Tower
37:21 Capped Ram
40:48 Conscription
40:50 Crenellations
41:59 Guilds
经典不变的回忆 | memory
5:10 Double-Bit Axe
9:24 Loom
11:36 Feudal Age
15:30 Castle Age
14:12 Bow Saw
13:58 Horse Collar
17:28 Two-Man Saw
16:31 Heavy Plow
19:10 Wheelbarrow
18:54 Stone Mining
22:34 Gold Mining
23:02 Town Watch
24:39 Hand Cart
26:27 Gold Shaft Mining
26:55 Scale Barding Armor
27:19 Husbandry
31:20 Imperial Age
29:42 Fervor
31:11 Stone Shaft Mining
30:49 Forging
30:45 Scale Barding Armor
32:14 Chain Barding Armor
32:29 Iron Casting
32:31 Conscription
33:17 Elite Coustillier
33:23 Elite Coustillier
34:48 Plate Barding Armor
34:35 Fletching
36:12 Blast Furnace
35:29 Bodkin Arrow
38:00 Masonry
Torpedo
6:23 Loom
9:16 Feudal Age
9:50 Double-Bit Axe
11:46 Forging
12:06 Scale Barding Armor
15:40 Gold Mining
21:08 Castle Age
18:57 Horse Collar
19:56 Bloodlines
21:10 Light Cavalry
21:51 Husbandry
23:01 Chain Barding Armor
24:11 Iron Casting
27:50 Bow Saw
28:02 Fervor
30:16 Wheelbarrow
29:27 Town Watch
29:43 Heavy Plow
34:56 Imperial Age
32:47 Pikeman
33:28 Squires
33:29 Scale Mail Armor
33:19 Fletching
33:22 Stone Mining
33:40 Gambesons
33:41 Arson
34:38 Chain Mail Armor
34:40 Hand Cart
35:13 Caravan
34:59 Capped Ram
36:15 Plate Mail Armor
36:46 Blast Furnace
35:10 Halberdier
35:58 Siege Ram
39:57 Masonry
39:53 Siege Engineers
liang0312
11:25 Feudal Age
16:40 Castle Age
16:33 Double-Bit Axe
18:06 Bow Saw
18:45 Loom
22:14 Fletching
24:01 Bodkin Arrow
24:43 Horse Collar
26:24 Wheelbarrow
33:04 Imperial Age
31:20 Scale Mail Armor
34:24 Chain Mail Armor
34:19 Forging
34:24 Chain Mail Armor
34:14 Pikeman
34:55 Squires
37:45 Plate Mail Armor
37:36 Elite Temple Guard
38:40 Forging
40:53 Iron Casting
Python 1.4.21
5:43 Loom
8:39 Feudal Age
10:31 Double-Bit Axe
15:04 Forging
17:23 Wheelbarrow
21:14 Castle Age
21:41 Light Cavalry
22:36 Bow Saw
22:14 Town Watch
29:05 Gold Mining
31:55 Imperial Age
29:56 Scale Barding Armor
31:04 Chain Barding Armor
32:07 Iron Casting
32:10 Husbandry
33:29 Plate Barding Armor
32:49 Cavalier
34:45 Paladin
37:37 Blast Furnace
38:18 Caravan
38:37 Hand Cart
TATTOO
11:44 Feudal Age
15:25 Castle Age
13:58 Fletching
14:47 Padded Archer Armor
14:52 Gold Mining
14:48 Horse Collar
14:59 Double-Bit Axe
17:32 Bow Saw
24:02 Horse Collar
24:50 Bodkin Arrow
29:20 Heavy Plow
32:58 Imperial Age
31:05 Stone Mining
33:17 Gold Shaft Mining
33:32 Ballistics
34:14 Bracer
34:37 Conscription
34:33 Elite Fire Archer
36:23 Chemistry
36:59 Leather Archer Armor
37:52 Red Cliffs Tactics
39:30 Masonry
39:16 Murder Holes
39:59 Elite Skirmisher
星空夜羽
6:04 Loom
6:49 Loom
9:15 Feudal Age
10:12 Double-Bit Axe
10:49 Horse Collar
14:19 Town Watch
19:14 Castle Age
18:01 Scale Barding Armor
20:17 Bow Saw
19:40 Light Cavalry
20:58 Husbandry
22:21 Wheelbarrow
27:56 Chain Barding Armor
28:10 Bloodlines
33:22 Imperial Age
30:46 Gold Mining
30:47 Stone Mining
31:42 Hand Cart
31:52 Forging
36:17 Pikeman
37:12 Halberdier
39:16 Scale Mail Armor
39:51 Iron Casting
40:26 Chain Mail Armor
41:54 Plate Mail Armor
Connection lost

Rejoining the realm…

Still unreachable

The connection could not be restored.

Session expired

The server has moved on; the page needs a fresh start.